 Dungeon Crawl Stone Soup version 0.29.0-15-g675c0067aa (webtiles) character file.

Game seed: 14406808346718330611

1 xian the Scratcher (level 1, -1/9 HPs)
             Began as a Felid Transmuter on Sept 11, 2022.
             Frozen to death by an endoplasm (4 damage)
             ... on level 1 of the Dungeon.
             The game lasted 00:00:10 (83 turns).

xian the Scratcher (Felid Transmuter)                 Turns: 83, Time: 00:00:11

Health: -1/9       AC:  1    Str:  6    XL:     1   Next: 16%
Magic:  3/4        EV: 17    Int: 14    God:
Gold:   7          SH:  0    Dex: 16    Spells: 3/4 levels left
                                        Lives:  0   Deaths: 0

rFire   . . .      SeeInvis +     - Unarmed
rCold   . . .      Faith    .   (shield unavailable)
rNeg    . . .      Spirit   .   (body armour unavailable)
rPois   .          Reflect  .   (helmet unavailable)
rElec   .          Harm     .   (cloak unavailable)
rCorr   .          Rampage  .   (gloves unavailable)
Will    .....                   (boots unavailable)
Stlth   +.........              (no amulet)
HPRegen 0.03/turn               (no ring)
MPRegen 0.09/turn               (no ring)

@: appendages, quick
A: horns 2, very small, claws 1, fangs 3, see invisible, speed 1, shaggy fur 1,
stealthy paws, no weapons or thrown items, no armour, multi-lived
a: End Transformation


You were on level 1 of the Dungeon.
You had temporarily grown beastly horns.
You visited 1 branch of the dungeon, and saw 1 of its levels.

You collected 7 gold pieces.

Inventory:

Potions
 a - a potion of lignification
 b - a potion of attraction {unknown}
 c - a potion of haste {unknown}


   Skills:
 + Level 1.0 Fighting
 + Level 2.7 Dodging
 + Level 3.0 Unarmed Combat
 + Level 2.0 Spellcasting
 + Level 2.2 Transmutations


You had 3 spell levels left.
You knew the following spells:

 Your Spells              Type           Power      Damage    Failure   Level
a - Beastly Appendage     Tmut           14%        N/A       10%         1

Your spell library contained the following spells:

 Spells                   Type           Power      Damage    Failure   Level
 Wereblood                Tmut           7%         N/A       14%         2
 Spider Form              Tmut/Pois      4%         N/A       41%         3
 Ice Form                 Ice/Tmut       4%         N/A       83%         4


Dungeon Overview and Level Annotations

Branches:
Dungeon (1/15)

Altars:


Innate Abilities, Weirdness & Mutations

You have temporarily grown beastly horns.
You have sharp claws.
You have razor-sharp teeth.
You have supernaturally acute eyesight. (SInv)
You cover ground quickly. (Speed+)
You are covered in fur. (AC +1)
Your paws help you pounce on unaware monsters.
You are incapable of wielding weapons or throwing items.
You cannot wear armour.
You gain extra lives every three experience levels.


Message History

Found 7 gold pieces.
The kobold throws a stone.
The stone closely misses you.
There are monsters nearby!
There are monsters nearby!
There are monsters nearby!
Found a bubbling green potion.
The kobold throws a stone.
The stone barely misses you.
You grow a pair of large bovine horns.
You claw the goblin!
You kill the goblin!
Things that are here:
a +0 dagger; a goblin corpse You scratch the kobold.
You kill the kobold!
Your transformation is almost over.
Things that are here:
a +0 club; 5 stones
Found 5 poisoned darts.
b - a lumpy red potion Magic restored.
Your horns disappear.
You now have 7 gold pieces.
c - a bubbling green potion A goblin comes into view.
It is wielding a +0 dagger.
A goblin is nearby!
A goblin is nearby!
Found 2 purple potions and a short sword.
An endoplasm comes into view.
Found a blackened granite ring.
The goblin shouts!
The endoplasm quivers.
You grow a pair of large bovine horns.
You scratch the goblin but do no damage.
The goblin hits you with a +0 dagger.
You barely miss the goblin. The goblin hits you with a +0 dagger.
The endoplasm hits you.
You barely miss the goblin. You claw the goblin.
The goblin is heavily wounded.
The endoplasm freezes you.
You are frozen.
You die...

#.........###
#...........#
#.........#.#
#.........# (
##.########...#
#### #..####
.....
.....#.....####
....
...............
...
.......@g....##
...
......J......#
.............#
.......#..#..#
.......#!)#..#
.....=.#..#..#
.....#.......#
#########....#


You could see an endoplasm and a goblin.

Vanquished Creatures
  A goblin (D:1)
  A kobold (D:1)
2 creatures vanquished.

Notes
Turn   | Place    | Note
-------+----------+-------------------------------------------
     0 | D:1      | xian the Felid Transmuter began the quest for the Orb.
     0 | D:1      | Reached XP level 1. HP: 9/9 MP: 4/4
    83 | D:1      | Frozen to death by an endoplasm

Illustrated notes

Levels and vault maps discovered:
D:1:      lightli_arrival_quake, layout_rooms,
          dreamdust_ecumenical_altar_angels_and_demons, minmay_tromino_i2

Action                   || total
-------------------------++-------
Melee: Unarmed           ||     5
       Punch             ||     1
 Cast: Beastly Appendage ||     2
Dodge: Dodged            ||     2
